AoeStats
← Cuervo

Oasis

507400151Analyzed
4v4 RM · 13d ago on Sep 18, 2026· 47m 31s· 8 players
Game mode
Random Map
Map size
Large (8 player)
Population
200
Speed
Normal
Resources
Standard
Victory
Conquest
Starting age
Dark Age
Ending age
Imperial Age
RankedLock teamsTeams togetherTeam positionsShared explorationLock speedFull tech treeHidden civsTurbo modeCheats
Victory
Defeat
🇺🇸 Wei · United States
1073
+15
🇯🇵 Magyars · Japan
1025
+17
🇺🇸 Britons · United States
995
+18
🇨🇳 Byzantines · China
972
+19
🇨🇱 Mapuche · Chile
1106
-20
🇦🇷 Georgians · Argentina
1041
-17
🇦🇷 Italians · Argentina
1013
-16
🇦🇷 Vikings · Argentina
1012
-16
PuneMahaWarrior
6:56 Loom
9:23 Feudal Age
10:24 Double-Bit Axe
11:48 Horse Collar
15:40 Scale Barding Armor
18:16 Wheelbarrow
22:03 Castle Age
20:17 Gold Mining
20:55 Bloodlines
23:04 Bow Saw
23:04 Husbandry
23:26 Chain Barding Armor
24:08 Forging
30:44 Hand Cart
30:14 Town Watch
34:10 Imperial Age
31:20 Light Cavalry
32:37 Iron Casting
32:18 Heavy Plow
34:00 Gold Shaft Mining
38:06 Blast Furnace
36:34 Heavy Hei Guang Cavalry
41:04 Conscription
40:45 Tuntian
45:11 Ming Guang Armor
Achilles333
10:02 Feudal Age
12:43 Loom
13:20 Double-Bit Axe
14:45 Gold Mining
20:26 Fletching
20:37 Padded Archer Armor
27:49 Castle Age
29:41 Gold Shaft Mining
28:56 Stone Mining
30:01 Bodkin Arrow
29:27 Crossbowman
31:59 Ballistics
33:23 Gold Shaft Mining
35:24 Gold Shaft Mining
38:28 Imperial Age
38:03 Leather Archer Armor
39:41 Conscription
38:42 Elite Longbowman
LWwcnm
11:22 Feudal Age
11:56 Horse Collar
14:11 Bloodlines
21:30 Castle Age
20:35 Gold Mining
20:32 Double-Bit Axe
21:00 Scale Barding Armor
21:36 Light Cavalry
23:03 Chain Barding Armor
25:25 Husbandry
26:38 Wheelbarrow
26:14 Heavy Plow
26:35 Gold Mining
27:33 Stone Mining
30:05 Hand Cart
31:31 Bow Saw
32:00 Gold Shaft Mining
32:30 Devotion
33:23 Fletching
37:47 Imperial Age
36:06 Treadmill Crane
38:08 Cavalier
39:53 Plate Barding Armor
40:34 Bodkin Arrow
41:58 Conscription
41:41 Corvinian Army
43:18 Paladin
45:50 Ballistics
46:31 Chemistry
47:06 Bracer
47:09 Padded Archer Armor
48:00 Caravan
TaiwanIsChina's
3:00 Loom
12:30 Feudal Age
13:29 Double-Bit Axe
20:22 Castle Age
18:36 Horse Collar
19:28 Stone Mining
21:20 Bow Saw
22:40 Wheelbarrow
23:17 Heavy Plow
25:04 Fortified Wall
25:26 Treadmill Crane
27:54 Hand Cart
29:10 Ballistics
28:49 Murder Holes
33:15 Imperial Age
30:24 Elite Skirmisher
35:32 Two-Man Saw
36:39 Chemistry
36:28 Padded Archer Armor
37:39 Crop Rotation
38:21 Leather Archer Armor
37:57 Fletching
40:34 Caravan
41:28 Ring Archer Armor
41:00 Gold Mining
43:25 Gold Shaft Mining
43:25 Stone Shaft Mining
42:48 Bodkin Arrow
42:54 Scale Mail Armor
42:43 Pikeman
43:24 Squires
45:22 Bracer
45:37 Chain Mail Armor
Cuervo
6:33 Loom
9:18 Feudal Age
10:30 Double-Bit Axe
11:13 Horse Collar
22:22 Castle Age
21:48 Bloodlines
23:52 Elite Skirmisher
25:59 Pikeman
32:57 Wheelbarrow
36:13 Hand Cart
37:13 Fletching
38:36 Bow Saw
42:50 Squires
CasquetE
5:10 Loom
10:07 Feudal Age
11:23 Double-Bit Axe
11:36 Man-at-Arms
35:38 Castle Age
36:13 Town Watch
37:40 Bow Saw
44:38 Fletching
45:27 Bodkin Arrow
Gitu
3:18 Loom
10:17 Feudal Age
10:48 Double-Bit Axe
10:53 Gold Mining
15:11 Fletching
21:16 Padded Archer Armor
22:13 Stone Mining
25:01 Castle Age
26:15 Crossbowman
27:00 Thumb Ring
27:48 Pikeman
28:29 Squires
30:31 Bodkin Arrow
30:51 Leather Archer Armor
31:17 Wheelbarrow
31:24 Horse Collar
35:11 Elite Skirmisher
37:13 Bow Saw
37:11 Heavy Plow
38:57 Ballistics
38:35 Murder Holes
42:18 Hand Cart
42:23 Masonry
41:54 Treadmill Crane
44:48 Pikeman
VZ | Thyrfing
7:36 Loom
10:21 Feudal Age
18:43 Double-Bit Axe
23:23 Castle Age
21:39 Gold Mining
21:34 Horse Collar
22:51 Fletching
23:02 Padded Archer Armor
36:44 Forging
38:51 Iron Casting
41:24 Bodkin Arrow
43:42 Pikeman
44:08 Arson
46:46 Wheelbarrow
Connection lost

Rejoining the realm…

Still unreachable

The connection could not be restored.

Session expired

The server has moved on; the page needs a fresh start.